 Dungeon Crawl Stone Soup version 0.25-a0-482-g9b3b753f3f (webtiles) character file.

Game seed: 4928417740820257367, levelgen mode: classic

264729 EnegeticOcto the Hand of Fortune (level 19, -18/167 HPs)
             Began as a White Draconian Artificer on Feb 9, 2020.
             Was the Champion of Nemelex Xobeh.
             Killed from afar by a deep elf annihilator (32 damage)
             ... with a bolt of lightning
             ... on level 3 of the Elven Halls on Feb 10, 2020.
             The game lasted 01:57:31 (60102 turns).

EnegeticOcto the Hand of Fortune (DrAr)            Turns: 60102, Time: 01:57:31

Health: -18/167    AC: 27    Str: 15    XL:     19   Next: 28%
Magic:  27/33      EV: 19    Int: 22    God:    Nemelex Xobeh [******]
Gold:   5250       SH:  0    Dex: 11    Spells: 14/38 levels left

rFire    . . .     SeeInvis +   b - +3 lajatang (vamp)
rCold    + . .     Gourm    .   (shield currently unavailable)
rNeg     . . .     Faith    .   (armour unavailable)
rPois    +         Spirit   .   R - +2 hat {MR+}
rElec    .         Reflect  .   d - +2 cloak of the Salmon {rPois SInv}
rCorr    .         Harm     .   Y - +2 pair of gloves {archery}
MR       ++...                  K - +2 pair of boots of the Assassin {Detection Stab+ Stlth++}
Stlth    ++++++....             X - amulet of Kilisath {RegenMP SInv}
HPRegen  0.37/turn              Q - ring of poison resistance
MPRegen  0.48/turn              z - +6 ring of protection

@: studying Ice Magic
A: breathe frost, unfitting armour, horns 2, talons 1, clever 1, cold resistance
1, no potion heal 1, cold-blooded, AC +10
}: 2/15 runes: decaying, gossamer
a: Breathe Frost, Draw Escape, Draw Destruction, Draw Summoning, Draw Stack,
Triple Draw, Deal Four, Stack Five, Renounce Religion


You were on level 3 of the Elven Halls.
You worshipped Nemelex Xobeh.
Nemelex Xobeh was exalted by your worship.
You were hungry.

You visited 7 branches of the dungeon, and saw 35 of its levels.
You visited 1 bazaar.
You also visited: Ice Cave and Volcano.

You collected 7429 gold pieces.
You spent 2179 gold pieces at shops.

Inventory:

Hand Weapons
 a - a +7 lajatang of protection
 b - a +3 vampiric lajatang (weapon)
Missiles
 m - 153 poisoned darts (quivered)
 u - a throwing net {!f}
Armour
 d - the +2 cloak of the Salmon (worn) {rPois SInv}
   (You found it on level 3 of the Elven Halls)

   It protects you from poison.
   It lets you see invisible.
   If you remove this armour, your AC will decrease by 3 (27 -> 24).
 D - a scarf of cloud immunity
 K - the +2 pair of boots of the Assassin (worn) {Detection Stab+ Stlth++}
   (You acquired it on level 11 of the Dungeon)

   It makes you much more stealthy.
   If you remove this armour, your AC will decrease by 3 (27 -> 24).
 R - a +2 hat of magic resistance (worn)
 Y - a +2 pair of gloves of archery (worn)
Jewellery
 z - a +6 ring of protection (right hand)
 O - an uncursed ring of wizardry
 Q - a ring of poison resistance (left hand)
 X - the amulet of Kilisath (around neck) {RegenMP SInv}
   (You took it off a deep elf archer on level 1 of the Elven Halls)

   [amulet of magic regeneration]

   It increases your magic regeneration.
   It lets you see invisible.
Wands
 c - a wand of enslavement (31)
 E - a wand of paralysis (3)
 M - a wand of polymorph (29)
 T - a wand of digging (18)
 Z - a wand of iceblast (6)
Scrolls
 h - 4 scrolls of immolation
 k - 2 scrolls of magic mapping {@r5 !r}
 l - 10 scrolls of identify {@r1}
 o - 2 scrolls of vulnerability
 w - 7 scrolls of remove curse {@r2}
 y - 20 scrolls of teleportation {@r3 !r}
 F - 5 scrolls of summoning
 G - a scroll of silence
 H - a scroll of blinking {@r4}
 I - 2 scrolls of holy word
 L - 7 scrolls of fog {!r}
 N - a scroll of torment
 P - 4 scrolls of enchant armour
 W - 3 scrolls of fear {!r}
Potions
 f - 2 potions of magic
 i - 4 potions of brilliance
 n - 4 potions of agility {@q5 !q}
 q - 4 potions of heal wounds {@q2 !q}
 r - 5 potions of haste {@q4 !q}
 s - 7 potions of cancellation
 t - 15 potions of curing {@q1 !q}
 v - 2 potions of berserk rage
 x - 3 potions of lignification {@q6}
 A - 7 potions of invisibility
 B - 7 potions of ambrosia
 C - 3 potions of might {@q3 !q}
 U - 8 potions of mutation
 V - a potion of resistance
Books
 J - a manual of Ice Magic
Miscellaneous
 j - a lamp of fire
 S - a phial of floods
Comestibles
 e - 55 rations
 g - 3 chunks of flesh


   Skills:
 - Level 14.0 Fighting
   Level 1.0 Short Blades
   Level 5.0(10.3) Maces & Flails
 - Level 13.6(14.0) Staves
 + Level 13.3 Dodging
 - Level 9.0 Stealth
 - Level 10.0 Spellcasting
 - Level 6.0 Hexes
 - Level 10.0 Summonings
 - Level 14.0 Ice Magic
 - Level 8.0 Air Magic
 - Level 3.0 Earth Magic
 - Level 15.0 Invocations
 - Level 6.0 Evocations


You had 14 spell levels left.
You knew the following spells:

 Your Spells              Type           Power        Failure   Level  Hunger
a - Lesser Beckoning      Tloc           ##........   19%         3    None
b - Summon Lightning Spi  Summ/Air       ######..     1%          4    ##.....
c - Ensorcelled Hibernat  Hex/Ice        ######       1%          2    None
d - Apportation           Tloc           ##....       6%          1    None
e - Metabolic Englaciati  Hex/Ice        ######....   2%          5    ####...
f - Summon Mana Viper     Hex/Summ       #####...     6%          5    ####...
p - Passwall              Tmut/Erth      ###.....     4%          2    None
R - Swiftness             Chrm/Air       ####....     1%          2    None

Your spell library contained the following spells:

 Spells                   Type           Power        Failure   Level  Hunger
 Corona                   Hex            #####..      1%          1    None
 Sandblast                Erth           ###...       1%          1    None
 Shock                    Conj/Air       ####         1%          1    None
 Summon Butterflies       Summ           ######..     1%          1    None
 Summon Small Mammal      Summ           ####         1%          1    None
 Call Imp                 Summ           ######..     1%          2    None
 Call Canine Familiar     Summ           ######..     1%          3    None
 Confusing Touch          Hex            #####...     1%          3    None
 Summon Guardian Golem    Hex/Summ       #####...     1%          3    None
 Tukima's Dance           Hex            #####...     1%          3    None
 Summon Ice Beast         Ice/Summ       ######..     1%          4    ##.....
 Recall                   Summ/Tloc      N/A          2%          3    None
 Airstrike                Air            #####.....   2%          4    ##.....
 Aura of Abjuration       Summ           ######....   2%          5    ####...
 Summon Demon             Summ           ######....   2%          5    ####...
 Static Discharge         Conj/Air       ####....     3%          3    None
 Dazzling Flash           Conj/Hex       ###...       5%          3    None
 Portal Projectile        Hex/Tloc       ###...       5%          3    None
 Animate Skeleton         Necr           N/A          6%          1    None
 Beastly Appendage        Tmut           ##....       6%          1    None
 Foxfire                  Conj/Fire      ##..         6%          1    None
 Infusion                 Chrm           ##..         6%          1    None
 Pain                     Necr           ##..         6%          1    None
 Stone Arrow              Conj/Erth      ###...       10%         3    None
 Shadow Creatures         Summ           N/A          16%         6    ######.
 Gell's Gravitas          Tloc           ##........   19%         3    None
 Vampiric Draining        Necr           ##........   19%         3    None
 Summon Forest            Summ/Tloc      ####......   22%         5    ####...
 Petrify                  Tmut/Erth      ###.....     32%         4    ##.....
 Lightning Bolt           Conj/Air       ####......   32%         5    ####...
 Lee's Rapid Deconstruct  Erth           ###.......   43%         5    ####...
 Yara's Violent Unravell  Hex/Tmut       ###.......   43%         5    ####...
 Animate Dead             Necr           N/A          52%         4    ##.....
 Passage of Golubria      Tloc           N/A          52%         4    ##.....
 Darkness                 Hex            #####.....   61%         6    ######.
 Invisibility             Hex            #####...     61%         6    ######.
 Summon Hydra             Summ           ######....   63%         7    #######
 Agony                    Necr           ##......     86%         5    ####...
 Dispersal                Tloc           ##........   100%        6    ######.
 Ring of Flames           Chrm/Fire      ##........   100%        7    #######
 Controlled Blink         Tloc           N/A          100%        8    #######
 Disjunction              Tloc           ##........   100%        8    #######


Dungeon Overview and Level Annotations

Branches:
Dungeon (15/15)            Temple (0/1) D:6            Lair (6/6) D:11
  Swamp (4/4) Lair:2       Spider (4/4) Lair:3        Slime (0/5) Lair:5
    Orc (2/2) D:11            Elf (3/3) Orc:2        Vaults (1/5) D:14
 Depths (0/5) D:15          IceCv (visited)         Volcano (visited)

Altars:
Dithmenos
Fedhas
Gozag
Hepliaklqana
Kikubaaqudgha
Makhleb
Nemelex Xobeh
Okawaru
Qazlal
Sif Muna
Trog
Vehumet
Yredelemnul
Zin
The Shining One

Shops:
D:5 *   D:6 (   D:13 }   Orc:2 =}*[   Elf:3 [   Vaults:1 }

Annotations:
Lair:3 exclusion: 4 oklob plants
Lair:5 exclusion: 2 oklob plants
Spider:4 Roxanne
Elf:1 exclusion: orange crystal statue
Elf:2 5 runed translucent doors
Elf:3 3 exclusions


Innate Abilities, Weirdness & Mutations

You can breathe waves of freezing cold.
You can buffet flying creatures when you breathe cold.
Your icy white scales are hard. (AC +10)
You cannot fit into any form of body armour.
Your flesh is cold resistant. (rC+)
You are cold-blooded and may be slowed by cold attacks.
You have a pair of horns on your head.
You have sharp toenails.
Your mind is acute. (Int +2)
Potions are less effective at restoring your health.


Message History

Your headbutt misses the deep elf master archer.
Your tail-slap misses the deep elf master archer.
The deep elf master archer is almost dead.
The deep elf master archer shoots an arrow.
The arrow barely misses you.
You barely miss the deep elf master archer.
The deep elf master archer is almost dead.
The deep elf master archer shoots an arrow.
The arrow misses you.
You slice the deep elf master archer!!
You kill the deep elf master archer!
The deep elf master archer wields a +0 longbow.
The deep elf master archer shoots an arrow.
The arrow hits you!!!
The deep elf master archer shoots an arrow.
The arrow barely misses you.
Things that are here:
a +0 longbow; 18 arrows; a +0 leather armour You closely miss the deep elf master archer.
You headbutt the deep elf master archer!
The deep elf master archer is lightly wounded.
The deep elf master archer shoots an arrow.
The arrow hits you but does no damage.
You slash the deep elf master archer!
You feel better.
The deep elf master archer is moderately wounded.
The deep elf master archer shoots an arrow.
The arrow hits you!!
You are too injured to fight recklessly!
You are too injured to fight recklessly!
You are too injured to fight recklessly!
You are too injured to fight recklessly!
You slice the deep elf master archer!!
The deep elf master archer is severely wounded.
The deep elf master archer shoots an arrow.
The arrow closely misses you.
You slash the deep elf master archer!
You feel better.
Your tail-slap misses the deep elf master archer.
The deep elf master archer is severely wounded.
The deep elf master archer shoots an arrow.
The arrow hits you!!!
You slash the deep elf master archer!
Your headbutt misses the deep elf master archer.
The deep elf master archer is almost dead.
A deep elf knight comes into view. It is wielding a +0 short sword.
The deep elf master archer shoots an arrow.
The arrow hits you!!!
* * * LOW HITPOINT WARNING * * *
The deep elf knight shouts!
You miss the deep elf master archer.
The deep elf master archer is almost dead.
The deep elf master archer shoots an arrow.
The arrow hits you!!
* * * LOW HITPOINT WARNING * * *
Really quaff
q - 5 potions of heal wounds {@q2 !q}? [Y]es or [N]o only, please.
Really quaff
q - 5 potions of heal wounds {@q2 !q}?
Your system partially rejects the healing.
You feel much better.
The deep elf master archer shoots an arrow.
The arrow hits you!
* * * LOW HITPOINT WARNING * * *
A deep elf annihilator comes into view. It is wielding a +0 rapier.
You hear a shout!
Evoke which item? (* to show all) (? for menu, Esc to quit)
Aiming: Iceblast
Press: ? - help, Shift-Dir - straight line The mass of ice explodes!
The iceblast engulfs the deep elf master archer!
You kill the deep elf master archer!
Things that are here:
3 arrows; a +0 vorpal long sword; a +2 scale mail of magic resistance
Casting: Summon Mana Viper (safe; 6% risk of failure)
Confirm with . or Enter, or press ? or * to list all spells.
Aiming: Summon Lightning Spire (safe; 1% risk of failure)
Press: ? - help, Dir - move target cursor An electric hum fills the air.
A deep elf archer comes into view. It is wielding a +0 short sword.
The deep elf knight gestures at you while chanting.
The stone arrow hits your lightning spire!!!
You see here 4 arrows.
Things that are here:
a +2 broad axe of venom; a +0 leather armour
There is an open door, spattered with blood here.
Things that are here:
a +0 scimitar; a +0 leather armour; a +0 long sword The deep elf archer unwields a +0 short sword.
The deep elf archer wields a +0 shortbow.
The deep elf archer shoots an arrow.
The arrow hits your lightning spire!!
Your lightning spire is destroyed!
Casting: Summon Lightning Spire (safe; 1% risk of failure)
Confirm with . or Enter, or press ? or * to list all spells.
Aiming: Summon Lightning Spire (safe; 1% risk of failure)
Press: ? - help, Dir - move target cursor An electric hum fills the air.
The deep elf annihilator points at you and mumbles some strange words.
The bolt of lightning hits your lightning spire.
Your lightning spire completely resists.
The bolt of lightning hits you!!
You die...
Your body disappears without a glow.

....#.#####.## ###'### ##....
#.#.#....#.## #.# ##..#
#....#.#..## #.# ##.#
.##..#..#.## #####'##### ####..
...##...#..# #.........###.(...
#........#.# ###............##...
#........#.###...........##...##.
.#...##..ee##(.)................#
.#..#..##.e)(()8@((.......#..#...
..#.#....#.###......).<.)..#..#..
..#..#.#.#..####...........#....#
.....#....#.# #.......#....#..#.
....####....# #........##..#..#.
...###..##### ######...).##..#..
#### ##...# ##........#.# #####
###...###### #####


You could see a deep elf annihilator, a deep elf archer, a deep elf knight and a
friendly lightning spire.

Vanquished Creatures
  the Lernaean hydra (Swamp:4)
  Bai Suzhen (Elf:3)
  Arachne (Spider:2)
  2 tentacled monstrosities (Elf:3)
  2 deep elf master archers (Elf:3)
  The ghost of Epan the Earth Mage, an adept GrEE of Vehumet (Elf:3)
  Agnes (Vaults:1)
  A thorn hunter (Swamp:4)
  Donald (Spider:2)
  A deep elf sorcerer (Elf:1)
  2 ghost moths (Spider:4)
  A caustic shrike zombie (D:15)
  An emperor scorpion (Orc:2)
  2 deep elf elementalists (Elf:3)
  2 cacodemons (Elf:3)
  3 ironheart preservers (Vaults:1)
  A deep elf demonologist (Elf:1)
  A spark wasp (Swamp:4)
  Snorg (D:13)
  A deep elf death mage (Elf:3)
  Josephine (D:11)
  A fire dragon (D:14)
  4 deep elf high priests
  3 vault guards (D:14)
  2 catoblepae
  5 ghost crabs
  13 hydras
  5 centaur warriors
  7 alligators
  5 two-headed ogres
  6 dancing weapons
  3 tengu warriors
  A queen ant (Swamp:4)
  7 death yaks
  2 deep troll shamans (Vaults:1)
  6 orc high priests
  6 deep elf knights
  5 skeletal warriors (D:15)
  A fire crab (Lair:6)
  2 spriggan druids
  4 unseen horrors
  A shadow demon (Elf:1)
  A deep troll (Vaults:1)
  8 swamp dragons
  A phantasmal warrior (D:15)
  4 orc knights
  7 deep elf archers
  6 orb spiders
  A wolf spider zombie (D:13)
  41 deep elf magi
  6 manticores
  17 wolf spiders
  A salamander (shapeshifter) (Vaults:1)
  3 cyclopes
  6 orc sorcerers
  13 ugly things
  4 moths of wrath
  A vault sentinel (Vaults:1)
  3 ice statues (IceCv)
  6 elephants (Lair:6)
  5 black mambas
  18 spiny frogs
  A torpor snail (shapeshifter) (Elf:3)
  A gargoyle (D:10)
  A spiny frog (shapeshifter) (Elf:3)
  2 kobold demonologists
  13 komodo dragons
  A yaktaur (shapeshifter) (Elf:1)
  A rime drake (D:11)
  2 efreet
  9 demonic crawlers
  6 tyrant leeches
  A polar bear (shapeshifter) (D:12)
  A queen bee (D:11)
  11 trolls
  A hornet (shapeshifter) (Elf:3)
  A merfolk (shapeshifter) (Elf:1)
  A polar bear (Lair:2)
  9 hornets
  24 jumping spiders
  16 bog bodies
  12 blink frogs
  4 large abominations (Elf:3)
  A spectral dream sheep (Lair:2)
  A fire dragon zombie (D:15)
  A meliai zombie (D:15)
  11 dream sheep
  11 slime creatures
  7 hippogriffs
  A redback (shapeshifter) (Elf:3)
  A spectral black mamba (Lair:2)
  6 shadows
  Sigmund (D:6)
  2 air elementals
  A centaur simulacrum (D:14)
  36 redbacks
  7 spriggans
  12 tarantellas
  2 wyverns
  75 yaks
  A vampire (D:14)
  2 fire elementals
  3 basilisks
  3 fire bats (Lair:2)
  28 vampire mosquitoes
  6 wraiths
  Grum (Lair:1)
  2 hungry ghosts
  A catoblepas simulacrum (Lair:2)
  5 wargs
  12 insubstantial wisps
  10 swamp worms
  2 acid dragons
  3 soldier ants
  A soldier ant (shapeshifter) (Elf:1)
  Duvessa (D:6)
  9 water moccasins
  4 porcupines
  12 swamp drakes
  3 phantoms
  A tengu skeleton (D:15)
  23 orc warriors
  19 ice beasts
  A black bear (D:10)
  2 eyes of draining
  An eye of draining (shapeshifter) (D:15)
  10 wolves
  13 ogres
  14 centaurs
  16 crocodiles
  5 big kobolds
  A wyvern zombie (D:6)
  16 bullfrogs
  Dowan (D:6)
  4 earth elementals
  2 wyvern skeletons
  5 scorpions
  4 killer bees (D:10)
  A killer bee (shapeshifter) (Elf:3)
  A vampire bat (Orc:1)
  12 wights
  4 electric eels
  A howler monkey (shapeshifter) (Elf:3)
  5 howler monkeys
  A bullfrog zombie (D:12)
  4 centaur zombies
  3 crimson imps
  2 komodo dragon simulacra (Lair:2)
  8 hounds
  5 jellies
  19 orc wizards
  3 centaur skeletons
  20 orc priests
  A jelly (shapeshifter) (Elf:3)
  Jessica (D:2)
  3 iguanas
  11 worker ants
  2 hound zombies
  4 gnolls (Orc:1)
  A howler monkey skeleton (D:9)
  11 adders
  3 shadow imps
  3 oozes
  2 adder zombies
  2 worms
  2 dart slugs (D:1)
  3 leopard geckos
  76 orcs
  15 bats
  7 giant cockroaches
  7 goblins
  7 hobgoblins
  7 jackals
  25 kobolds
  6 quokkas
  10 frilled lizards
  4 leopard gecko skeletons
  8 rats
1120 creatures vanquished.

Vanquished Creatures (collateral kills)
  Jorgrun (Orc:2)
  2 tentacled monstrosities (Elf:3)
  Rupert (Lair:3)
  A deep elf blademaster (Elf:3)
  Aizul (Swamp:2)
  A ghost moth (Spider:4)
  A deep elf sorcerer (Elf:3)
  2 vault wardens (Vaults:1)
  3 emperor scorpions
  An ironheart preserver (Vaults:1)
  An entropy weaver (Spider:4)
  A deep elf annihilator (Elf:3)
  The ghost of Qalesan the Cleaver, a journeyman MiFi of Gozag (Lair:2)
  Erolcha (Orc:2)
  A ghost crab (Swamp:2)
  4 hydras
  3 catoblepae
  3 vault guards
  2 two-headed ogres (Vaults:1)
  4 shambling mangroves
  An alligator (Swamp:3)
  An ogre mage (Vaults:1)
  3 deep elf knights (Elf:2)
  2 skeletal warriors (D:15)
  2 spriggan druids
  A shadow demon (Elf:1)
  A wizard (Vaults:1)
  A deep elf archer (Vaults:1)
  A necromancer (D:15)
  4 ugly things
  A deep elf mage (D:15)
  5 orb spiders
  2 orc knights (Orc:2)
  8 wolf spiders (Spider:4)
  A manticore (D:14)
  2 large abominations (Elf:3)
  2 orc sorcerers (Orc:2)
  A moth of wrath (Spider:4)
  4 vault sentinels (Vaults:1)
  A spiny frog (shapeshifter) (D:15)
  2 spiny frogs
  A demonic crawler (Spider:4)
  A kobold demonologist (Elf:1)
  A tengu conjurer (D:15)
  5 jumping spiders
  A troll (Orc:2)
  2 tyrant leeches
  2 slime creatures
  11 hornets
  4 bog bodies
  3 dream sheep
  2 hippogriffs
  11 redbacks (Spider:4)
  A wraith (D:11)
  A deep troll skeleton (D:15)
  6 tarantellas
  3 spriggans
  A wyvern (Lair:3)
  A shadow (D:13)
  A yak (Lair:6)
  A golden eye (shapeshifter) (D:13)
  A vampire mosquito (D:14)
  2 swamp worms
  An insubstantial wisp (Swamp:3)
  A porcupine (Lair:1)
  A swamp drake (Swamp:4)
  5 orc warriors
  6 wolves
  5 boggarts
  An ogre (Vaults:1)
  A black mamba simulacrum (Lair:2)
  A crocodile (Lair:3)
  2 centaurs (D:13)
  A bullfrog (D:13)
  A scorpion (shapeshifter) (Elf:3)
  2 electric eels (Spider:4)
  A crimson imp (D:15)
  2 orc priests (Orc:2)
  A bullfrog skeleton (D:13)
  An orc wizard (Orc:2)
  A worker ant (D:13)
  A gnoll (shapeshifter) (Elf:3)
  6 orcs
  10 kobolds (D:14)
  2 plants (Lair:3)
196 creatures vanquished.

Vanquished Creatures (others)
  A spark wasp (Spider:4)
  A queen ant (Swamp:4)
  A large abomination (Elf:3)
  2 black mambas (Lair:6)
  A spiny frog (Swamp:1)
  A jumping spider (Lair:3)
  2 slime creatures (Swamp:1)
  A blink frog (Swamp:2)
  A shadow (Swamp:1)
  A vampire mosquito (Swamp:3)
  A swamp worm (Swamp:2)
  2 ball lightnings
  2 kobolds (D:14)
  A bush (Swamp:4)
  32 fungi
  21 plants
71 creatures vanquished.

Grand Total: 1387 creatures vanquished

Notes
Turn   | Place    | Note
-------+----------+-------------------------------------------
     0 | D:1      | EnegeticOcto the Draconian Artificer began the quest for
                  | the Orb.
     0 | D:1      | Reached XP level 1. HP: 16/16 MP: 3/3
     9 | D:1      | Reached skill level 1 in Stealth
   564 | D:1      | Reached XP level 2. HP: 16/23 MP: 4/4
  1291 | D:2      | Reached XP level 3. HP: 28/28 MP: 5/5
  1494 | D:2      | Noticed Jessica
  1506 | D:2      | Killed Jessica
  1620 | D:2      | Reached XP level 4. HP: 28/37 MP: 6/6
  2739 | D:3      | Reached XP level 5. HP: 26/47 MP: 7/7
  3295 | D:3      | Found a glowing golden altar of the Shining One.
  3338 | D:3      | Found a blossoming altar of Fedhas.
  3338 | D:3      | Found an ancient bone altar of Kikubaaqudgha.
  3448 | D:3      | Found a sparkling altar of Nemelex Xobeh.
  3465 | D:3      | Found an iron altar of Okawaru.
  3494 | D:3      | Reached skill level 1 in Maces & Flails
  3518 | D:3      | Became a worshipper of Nemelex Xobeh the Trickster
  4010 | D:4      | Found a basalt altar of Yredelemnul.
  4034 | D:4      | Received a gift from Nemelex Xobeh
  4117 | D:4      | Reached XP level 6. HP: 55/55 MP: 8/8
  4187 | D:4      | Reached skill level 5 in Fighting
  4199 | D:4      | Received a gift from Nemelex Xobeh
  4629 | D:5      | Entered Level 5 of the Dungeon
  4809 | D:5      | Reached * piety under Nemelex Xobeh
  4812 | D:5      | Found Oshropruf's Assorted Antiques.
  4820 | D:5      | Your scales start taking on an icy white colour.
  4820 | D:5      | Reached XP level 7. HP: 61/61 MP: 9/9
  4820 | D:5      | Gained mutation: Your flesh is cold resistant. (rC+) [White
                  | Draconian growth]
  4847 | D:5      | Bought a potion of curing for 69 gold pieces
  4847 | D:5      | Bought a scroll labeled QEMNALEZXI for 23 gold pieces
  4847 | D:5      | Bought a scroll labeled DOEXOSMA QITHRA for 23 gold pieces
  4847 | D:5      | Bought a murky yellow potion for 20 gold pieces
  5166 | D:5      | Found a bloodstained altar of Trog.
  5178 | D:5      | Reached skill level 5 in Maces & Flails
  5298 | D:5      | Reached skill level 1 in Staves
  5715 | D:5      | Got a pitted rapier
  5750 | D:5      | Bought a bronze ring for 115 gold pieces
  5750 | D:5      | Bought a scroll of identify for 46 gold pieces
  5750 | D:5      | Identified the +6 rapier "Dragonbane" {antimagic, *Drain
                  | Str+3 Int-5 Dex+9} (You found it on level 5 of the Dungeon)
  5808 | D:6      | Reached XP level 8. HP: 70/71 MP: 10/10
  6349 | D:6      | Found Wipotang's Antique Weapon Emporium.
  6754 | D:6      | Found a glowing silver altar of Zin.
  6756 | D:6      | Received a gift from Nemelex Xobeh
  6771 | D:6      | Noticed Sigmund
  6787 | D:6      | Killed Sigmund
  6787 | D:6      | Reached skill level 5 in Staves
  7049 | D:6      | Noticed Dowan
  7051 | D:6      | Noticed Duvessa
  7061 | D:6      | Killed Duvessa
  7061 | D:6      | Reached XP level 9. HP: 79/83 MP: 11/11
  7062 | D:6      | Killed Dowan
  7091 | D:6      | Found a staircase to the Ecumenical Temple.
  7513 | D:7      | Found a shimmering blue altar of Sif Muna.
  7572 | D:7      | Identified Sif Muna's Handbook of Evil
  7607 | D:7      | Reached skill level 1 in Invocations
  7749 | D:7      | Reached ** piety under Nemelex Xobeh
  8142 | D:7      | Received a gift from Nemelex Xobeh
  8347 | D:8      | Found a burning altar of Makhleb.
  8347 | D:8      | Found a shadowy altar of Dithmenos.
  8359 | D:8      | Reached skill level 2 in Invocations
  8635 | D:8      | Found an opulent altar of Gozag.
  8699 | D:8      | Noticed a two-headed ogre
  8707 | D:8      | Killed a two-headed ogre
  8707 | D:8      | Reached skill level 10 in Fighting
  8707 | D:8      | Reached skill level 3 in Invocations
  8758 | D:8      | Found a hazy altar of Hepliaklqana.
  8808 | D:8      | Reached XP level 10. HP: 83/93 MP: 12/12
  8851 | D:8      | Found a stormy altar of Qazlal.
  8892 | D:8      | Reached skill level 4 in Invocations
  9004 | D:8      | Received a gift from Nemelex Xobeh
  9127 | D:9      | Noticed a two-headed ogre
  9135 | D:9      | Killed a two-headed ogre
  9172 | D:9      | Reached skill level 5 in Invocations
  9379 | D:9      | Reached *** piety under Nemelex Xobeh
  9459 | D:9      | Received a gift from Nemelex Xobeh
  9729 | D:10     | Entered Level 10 of the Dungeon
 10138 | D:10     | Reached skill level 5 in Dodging
 10314 | D:10     | Noticed a gargoyle
 10334 | D:10     | Killed a gargoyle
 10334 | D:10     | Reached skill level 6 in Invocations
 10951 | D:10     | Reached skill level 7 in Invocations
 10951 | D:10     | Reached XP level 11. HP: 70/99 MP: 16/16
 11103 | D:10     | Received a gift from Nemelex Xobeh
 11942 | D:10     | Reached **** piety under Nemelex Xobeh
 12100 | D:11     | Found a frozen archway.
 12139 | IceCv    | Entered an ice cave
 12171 | IceCv    | Reached skill level 8 in Invocations
 12278 | IceCv    | Noticed a white ugly thing
 12296 | IceCv    | Killed a white ugly thing
 12409 | IceCv    | Reached skill level 10 in Staves
 12509 | IceCv    | Noticed a white ugly thing
 12524 | IceCv    | Killed a white ugly thing
 12617 | IceCv    | Identified Tunuragg's Handbook of Good Luck and Dislocation
 12652 | D:11     | Identified a scroll of acquirement
 12656 | D:11     | Found the +2 pair of boots of the Assassin {Detection Stab+
                  | Stlth++}
 12710 | D:11     | Received a gift from Nemelex Xobeh
 12720 | D:11     | Found a staircase to the Lair.
 12720 | D:11     | Noticed a death yak
 12720 | D:11     | Noticed a death yak
 12724 | D:11     | Noticed a death yak
 12727 | D:11     | Killed a death yak
 12728 | D:11     | Killed an unseen horror
 12728 | D:11     | Reached skill level 9 in Invocations
 12729 | D:11     | Noticed a catoblepas
 12729 | D:11     | a death yak changed into a catoblepas
 12737 | D:11     | Killed a death yak
 12740 | D:11     | Killed a catoblepas
 12765 | D:11     | Reached XP level 12. HP: 55/106 MP: 19/19
 13039 | D:11     | Noticed Josephine
 13062 | D:11     | Killed Josephine
 13081 | D:11     | Reached skill level 10 in Invocations
 13332 | D:11     | Found a radiant altar of Vehumet.
 13945 | D:11     | Found a staircase to the Orcish Mines.
 14190 | Lair:1   | Entered Level 1 of the Lair of Beasts
 14229 | Lair:1   | Received a gift from Nemelex Xobeh
 14321 | Lair:1   | Noticed Grum
 14353 | Lair:1   | Killed Grum
 14737 | Lair:1   | Reached ***** piety under Nemelex Xobeh
 14737 | Lair:1   | Received a gift from Nemelex Xobeh
 15707 | Lair:2   | Found a dark tunnel.
 15781 | Volcano  | Entered a volcano
 15832 | Volcano  | Noticed an ogre mage
 16447 | Lair:2   | Noticed an eight-headed hydra
 16460 | Lair:2   | Killed a 12-headed hydra
 16802 | Lair:2   | Received a gift from Nemelex Xobeh
 16919 | Lair:2   | Found a staircase to the Swamp.
 17089 | Lair:2   | Found a runed translucent gate.
 17090 | Lair:2   | Found a runed translucent gate.
 17093 | Lair:2   | Found a runed translucent gate.
 17094 | Lair:2   | Noticed Qalesan's ghost (journeyman MiFi)
 17672 | Lair:2   | Killed Qalesan's ghost
 17823 | Lair:3   | Received a gift from Nemelex Xobeh
 18018 | Lair:3   | Reached XP level 13. HP: 60/113 MP: 20/20
 18237 | Lair:3   | Found a hole to the Spider Nest.
 18585 | Lair:3   | Noticed Rupert
 18612 | Lair:3   | Killed Rupert
 18672 | Lair:3   | Received a gift from Nemelex Xobeh
 18756 | Lair:3   | Learned a level 2 spell: Passwall
 20079 | Lair:4   | Received a gift from Nemelex Xobeh
 20107 | Lair:4   | Reached XP level 14. HP: 121/121 MP: 22/22
 20113 | Lair:4   | Learned a level 4 spell: Summon Lightning Spire
 20348 | Lair:4   | Received a gift from Nemelex Xobeh
 20685 | Lair:4   | Reached skill level 5 in Evocations
 20694 | Lair:4   | Reached skill level 5 in Stealth
 20694 | Lair:4   | Reached skill level 1 in Air Magic
 20696 | Lair:4   | Reached skill level 1 in Spellcasting
 20990 | Lair:4   | Received a gift from Nemelex Xobeh
 21611 | Lair:5   | Gained mutation: Potions are less effective at restoring
                  | your health. [potion of mutation]
 21611 | Lair:5   | Gained mutation: You are dopey. (Int -2) [potion of
                  | mutation]
 21611 | Lair:5   | Gained mutation: You have sharp toenails. [potion of
                  | mutation]
 21611 | Lair:5   | Gained mutation: Your spells are a little harder to cast,
                  | but a little more powerful. [potion of mutation]
 21612 | Lair:5   | Lost mutation: Potions are less effective at restoring your
                  | health. [potion of mutation]
 21612 | Lair:5   | Lost mutation: Your spells are a little harder to cast, but
                  | a little more powerful. [potion of mutation]
 21612 | Lair:5   | Lost mutation: You are dopey. (Int -2) [potion of mutation]
 21612 | Lair:5   | Gained mutation: You have a pair of small horns on your
                  | head. [potion of mutation]
 21612 | Lair:5   | Gained mutation: You have a pair of horns on your head.
                  | [potion of mutation]
 21612 | Lair:5   | Gained mutation: Potions are less effective at restoring
                  | your health. [potion of mutation]
 21612 | Lair:5   | Gained mutation: Your mind is acute. (Int +2) [potion of
                  | mutation]
 22985 | Lair:5   | Received a gift from Nemelex Xobeh
 23176 | Lair:5   | Found a staircase to the Slime Pits.
 23350 | Lair:6   | Entered Level 6 of the Lair of Beasts
 24294 | Lair:6   | Reached skill level 10 in Dodging
 25200 | Lair:6   | Received a gift from Nemelex Xobeh
 25291 | Lair:6   | Reached XP level 15. HP: 76/126 MP: 19/23
 26781 | D:12     | Reached ****** piety under Nemelex Xobeh
 26782 | D:12     | Received a gift from Nemelex Xobeh
 26951 | D:12     | Reached skill level 5 in Air Magic
 27256 | D:13     | Found Jahior's Gadget Emporium.
 27265 | D:13     | Bought a wand of digging (7) for 308 gold pieces
 27290 | D:13     | Noticed Snorg
 27304 | D:13     | Killed Snorg
 28228 | D:13     | Learned a level 2 spell: Swiftness
 28232 | D:13     | Learned a level 3 spell: Lesser Beckoning
 28243 | D:13     | Reached skill level 5 in Spellcasting
 28301 | D:13     | Received a gift from Nemelex Xobeh
 28869 | Orc:1    | Entered Level 1 of the Orcish Mines
 29249 | Orc:2    | Entered Level 2 of the Orcish Mines
 29579 | Orc:2    | Noticed an orc warlord
 29581 | Orc:2    | an orc warlord changed into an emperor scorpion
 29724 | Orc:2    | Found a staircase to the Elven Halls.
 29807 | Orc:2    | Noticed Jorgrun
 30241 | Orc:2    | Killed Jorgrun
 31043 | Orc:2    | Noticed Erolcha
 31064 | Orc:2    | Killed Erolcha
 31070 | Orc:2    | Received a gift from Nemelex Xobeh
 32174 | Orc:2    | Found Sear's Jewellery Boutique.
 32179 | Orc:2    | Found Ginec's Gadget Emporium.
 32185 | Orc:2    | Found Loigokilar's Assorted Antiques.
 32187 | Orc:2    | Found Cedgho's Armour Boutique.
 32207 | Orc:2    | Bought a +6 ring of protection for 1170 gold pieces
 32223 | Orc:2    | Bought a knobbly opal ring for 105 gold pieces
 32736 | D:14     | Found a gate to the Vaults.
 32751 | D:14     | Reached XP level 16. HP: 127/134 MP: 18/25
 32833 | D:14     | Received a gift from Nemelex Xobeh
 33068 | D:14     | Found an opulent altar of Gozag.
 33553 | D:14     | Received a gift from Nemelex Xobeh
 34018 | D:15     | Entered Level 15 of the Dungeon
 34714 | D:15     | Received a gift from Nemelex Xobeh
 34803 | D:15     | Found a staircase to the Depths.
 35367 | D:15     | Reached skill level 10 in Summonings
 35761 | Swamp:1  | Entered Level 1 of the Swamp
 35779 | Swamp:1  | Received a gift from Nemelex Xobeh
 36383 | Swamp:1  | Reached skill level 11 in Invocations
 36503 | Swamp:1  | Received a gift from Nemelex Xobeh
 37721 | Swamp:1  | Learned a level 2 spell: Ensorcelled Hibernation
 37758 | Swamp:2  | Reached skill level 1 in Ice Magic
 38009 | Swamp:2  | Received a gift from Nemelex Xobeh
 39412 | Swamp:2  | Noticed Aizul
 39427 | Swamp:2  | Killed Aizul
 40335 | Swamp:3  | Reached skill level 5 in Ice Magic
 41975 | Swamp:3  | Received a gift from Nemelex Xobeh
 42586 | Swamp:4  | Entered Level 4 of the Swamp
 42599 | Swamp:4  | Reached XP level 17. HP: 135/144 MP: 23/28
 42685 | Swamp:4  | Reached skill level 12 in Invocations
 43228 | Swamp:4  | Received a gift from Nemelex Xobeh
 44186 | Swamp:4  | Noticed the 27-headed Lernaean hydra
 44191 | Swamp:4  | Killed the 27-headed Lernaean hydra
 44256 | Swamp:4  | Got a decaying rune of Zot
 45013 | Swamp:4  | Received a gift from Nemelex Xobeh
 45452 | Orc:2    | Bought an uncursed ring of poison resistance for 300 gold
                  | pieces
 45705 | Spider:1 | Entered Level 1 of the Spider Nest
 46332 | Spider:1 | Received a gift from Nemelex Xobeh
 46843 | Spider:2 | Noticed Arachne
 46861 | Spider:2 | Killed Arachne
 46861 | Spider:2 | Reached skill level 10 in Ice Magic
 46933 | Spider:2 | Noticed Donald
 47185 | Spider:2 | Killed Donald
 47272 | Spider:2 | Found the +8 demon trident "Rift" {distort, reach+}
 47603 | Spider:2 | Identified Sif Muna's Compendium of Transformation (You
                  | acquired it on level 2 of the Spider Nest)
 47888 | Spider:3 | Received a gift from Nemelex Xobeh
 48108 | Spider:3 | Identified the +1 hat of Leetosk {rPois Str-2 Int+2} (You
                  | acquired it on level 3 of the Spider Nest)
 48369 | Spider:3 | Reached skill level 13 in Invocations
 48861 | Spider:4 | Entered Level 4 of the Spider Nest
 48862 | Spider:4 | Received a gift from Nemelex Xobeh
 49042 | Spider:4 | Reached skill level 1 in Earth Magic
 49559 | Spider:4 | Noticed Roxanne
 49918 | Spider:4 | Received a gift from Nemelex Xobeh
 50044 | Spider:4 | Upgraded the game from 0.25-a0-479-g8579842fd4 to
                  | 0.25-a0-482-g9b3b753f3f
 50419 | Spider:4 | Reached skill level 1 in Hexes
 50419 | Spider:4 | Reached XP level 18. HP: 145/156 MP: 4/31
 50741 | Spider:4 | Got a gossamer rune of Zot
 50834 | Spider:4 | Learned a level 1 spell: Apportation
 50840 | Spider:4 | Learned a level 5 spell: Metabolic Englaciation
 51122 | Vaults:1 | Entered Level 1 of the Vaults
 51813 | Vaults:1 | Received a gift from Nemelex Xobeh
 52316 | Vaults:1 | Reached skill level 10 in Spellcasting
 52921 | Vaults:1 | Found Vengablo's Gadget Shoppe.
 52928 | Vaults:1 | Noticed Agnes
 52941 | Vaults:1 | Killed Agnes
 53649 | Elf:1    | Entered Level 1 of the Elven Halls
 53741 | Elf:1    | Reached skill level 14 in Invocations
 54431 | Elf:1    | Received a gift from Nemelex Xobeh
 54442 | Elf:1    | Identified Sif Muna's Tome of Companions
 55210 | Elf:1    | Found a shimmering blue altar of Sif Muna.
 55422 | Elf:1    | Identified the amulet of Kilisath {RegenMP SInv}
 56215 | Elf:1    | Learned a level 5 spell: Summon Mana Viper
 56250 | Elf:2    | Reached skill level 5 in Hexes
 56268 | Elf:2    | Found a flickering gateway to a bazaar.
 56283 | Bazaar   | Entered a bazaar
 56283 | Bazaar   | Found Haem's Armour Boutique.
 56283 | Bazaar   | Found Xut Cesio's Weapon Shop.
 56283 | Bazaar   | Found Fuzojaad's Armour Shop.
 56305 | Elf:2    | Identified the ring of Lady Luck {rC+ Slay+3} (You acquired
                  | it on level 2 of the Elven Halls)
 56811 | Elf:2    | Found a huge runed translucent gate.
 56813 | Elf:2    | Found a huge runed translucent gate.
 56816 | Elf:2    | Found a huge runed translucent gate.
 56817 | Elf:2    | Found a huge runed translucent gate.
 56817 | Elf:2    | Found a huge runed translucent gate.
 56858 | Elf:2    | Received a gift from Nemelex Xobeh
 56989 | Elf:2    | Reached skill level 15 in Invocations
 57277 | Elf:2    | Identified A Beginning Course on Witchcraft
 57596 | Elf:3    | Entered Level 3 of the Elven Halls
 57624 | Elf:3    | Noticed Bai Suzhen
 57648 | Elf:3    | Killed Bai Suzhen
 58522 | Elf:3    | Received a gift from Nemelex Xobeh
 58605 | Elf:3    | Found Qunarch's Antique Armour Shop.
 58692 | Elf:3    | Found a runed translucent gate.
 58692 | Elf:3    | Found a runed translucent gate.
 58692 | Elf:3    | Found a runed translucent gate.
 58692 | Elf:3    | Noticed a tentacled monstrosity
 58692 | Elf:3    | Noticed a tentacled monstrosity
 58692 | Elf:3    | Noticed a tentacled monstrosity
 58730 | Elf:3    | Killed a tentacled monstrosity
 58736 | Elf:3    | Reached XP level 19. HP: 48/167 MP: 29/33
 59206 | Elf:3    | Found a runed translucent gate.
 59206 | Elf:3    | Found a runed translucent gate.
 59211 | Elf:3    | Noticed Epan's ghost (adept GrEE)
 59213 | Elf:3    | Found a runed translucent gate.
 59278 | Elf:3    | Identified the -1 hand axe of Sunlight {protect, *Contam
                  | rPois rF+ SInv}
 59308 | Elf:3    | Killed Epan's ghost
 59454 | Elf:3    | Identified the +2 cloak of the Salmon {rPois SInv} (You
                  | found it on level 3 of the Elven Halls)
 60093 | Elf:3    | HP: 4/167 [deep elf master archer/arrow (21)]
 60102 | Elf:3    | Killed from afar by a deep elf annihilator

Levels and vault maps discovered:
D:1:      onia_arrival_mini_spirals, layout_loops_ring
D:2:      layout_basic, first_ration, uniq_jessica
D:3:      kennysheep_six_static_rooms, layout_loops_ring,
          grunt_temple_overflow_growth_and_decay, tso_altar,
          okawaru_altar_gauntlet_db, nemelex_xobeh_ov_fountains_minmay
D:4:      layout_cave_pools, yredelemnul_altar_generic
D:5:      layout_basic, bloody_trog, serial_shops,
          nicolae_shop_temple_entry_statues_fountains
D:6:      layout_rooms, nicolae_overflow_crystal_walls,
          minmay_temple_entry_statues_pillars, serial_shops, shop,
          minmay_misc_feat_hallway, uniq_duvessa, uniq_sigmund
D:7:      layout_gridville, led_sif_book
D:8:      layout_rooms, kennysheep_mini_moat, overflow_temple_1_default,
          lemuel_round_altar, chequers_temple_overflow_statue_of_worship
D:9:      layout_rooms
D:10:     layout_basic
D:11:     layout_loops_ring, dpeg_lair_monsters, orc_0_dummy,
          portal_ice_cave_entry_ice_beasts, basic_altar,
          serial_co_window_serial, co_window_corner_a, co_window_paths_a,
          co_window_paths_a, co_window_corner_a, co_window_corner_a,
          co_window_broadway_c, co_window_broadway_a, co_window_corner_b,
          co_window_sun, glass_columns_a, glass_columns_b, glass_columns_b,
          uniq_josephine
D:12:     layout_basic
D:13:     layout_cave_pods, serial_shops, shop, uniq_snorg
D:14:     layout_cave_pods, lightli_vaults_fourway_checkpoint,
          nicolae_gozag_seed_capital, the_bakery
D:15:     gammafunk_depths_entry_grave, layout_cave_pools,
          minmay_misc_feat_diagonals, minmay_door_square
Lair:1:   layout_regular_city, grunt_forest_small_clearing_treed,
          serial_bayou_shore_a, grunt_megastairs_3, uniq_grum
Lair:2:   layout_loops_ring, nicolae_swamp_entry_splash_gauntlet,
          gammafunk_ghost_necromancy, nicolae_volcano_entry_batcave,
          infiniplex_staircase_pool, serial_bayou_shore_b
Lair:3:   layout_chaotic_city, nicolae_spider_entry_tight_spaces,
          small_statue_intersection, minmay_lair_oklob_chamber,
          serial_bayou_shore_b, grunt_megastairs_4, uniq_rupert
Lair:4:   layout_layer_cave
Lair:5:   layout_cave_shapes, minmay_slime_entry_oklob_open,
          beast_lair_carwin_10, grunt_megastairs_1
Lair:6:   hangedman_lair_in_review, layout_loops_ring
Swamp:1:  layout_falls_marsh, hangedman_swamp_ruin_wall,
          nicolae_swamp_spriggan_camp
Swamp:2:  layout_basic_swamp, nicolae_swamp_feature_on_the_river_bank,
          uniq_aizul
Swamp:3:  cheibrodos_swamp_heart_of_darkness, layout_basic_swamp,
          hangedman_swamp_lotus, swamp_pool3
Swamp:4:  grunt_swamp_rune_castle, layout_basic_swamp, hangedman_swamp_pad
Spider:1: layout_spider_delve
Spider:2: layout_spider_delve, uniq_arachne, uniq_donald
Spider:3: layout_spider_delve, einodemon_crawler_minivault
Spider:4: grunt_spider_rune_parallel, guppyfry_spider_mini_3, uniq_roxanne
Orc:1:    layout_diamond_mine, roderic_batcave
Orc:2:    st_orc_elflike, layout_diamond_mine, uniq_jorgrun, uniq_erolcha
Elf:1:    layout_geoelf_grid, minmay_elf_demonology, moated_statue,
          hangedman_elf_power_crystal, minivault_16, hangedman_summoners_spam
Elf:2:    layout_geoelf_grid, serial_shops, bzr_entry_road, hex_medium,
          guppyfry_library_mini
Elf:3:    minmay_elf_hall_quartered_circle, layout_geoelf_grid,
          ploomutoo_gammafunk_ghost_potion_laboratory, serial_sigils,
          serial_sigils_hangedman_quiver, serial_sigils_hangedman_confine,
          serial_sigils_hangedman_scratch, serial_sigils_hangedman_stare,
          serial_sigils_hangedman_scar, serial_shops, nicolae_shop_trees,
          uniq_nikola, uniq_bai_suzhen
Vaults:1: ontoclasm_vaults_eye, nicolae_vaults_shelves_hall, v_pattern_5,
          ontoclasm_vaults_fault, ontoclasm_vaults_claustrophobia,
          vaults_room_door_ring, vaults_dpeg_ring, sword_in_stone,
          nicolae_vaults_ring_of_whatevers, vaults_room_door_hall,
          v_alt_pattern_5, grunt_vaults_diagonal, nicolae_vaults_alarming,
          layout_vaults_big_room, serial_shops, shop

Skill      XL: |  1  2  3  4  5  6  7  8  9 10 11 12 13 14 15 16 17 18 19 |
---------------+----------------------------------------------------------+-----
Stealth        | 2 3 4 6 9 |  9.0
Fighting       | 2 4 5 6 9 10 11 12 14 | 14.0
Maces & Flails | 2 4 5 |  5.0
Staves         | 2 5 7 9 10 13 | 13.6
Dodging        | 3 6 8 10 12 13 | 13.3
Invocations    | 3 7 9 10 11 13 15 | 15.0
Evocations     | 4 6 |  6.0
Summonings     | 6 10 | 10.0
Air Magic      | 4 7 8 |  8.0
Spellcasting   | 3 6 7 9 10 | 10.0
Ice Magic      | 6 12 14 | 14.0
Earth Magic    | 3 |  3.0
Hexes          | 1 6 |  6.0
Short Blades   | |  1.0

Action                   |  1- 3 |  4- 6 |  7- 9 | 10-12 | 13-15 | 16-18 | 19-21 || total
-------------------------+-------+-------+-------+-------+-------+-------+-------++-------
Melee: Short sword       |   109 |   118 |       |       |       |       |       ||   227
       Tailslap          |     8 |    14 |    31 |    79 |   113 |   205 |     9 ||   459
       Morningstar       |       |    83 |    28 |       |       |       |       ||   111
       Lajatang          |       |       |   237 |   651 |   976 |  1781 |    77 ||  3722
       Headbutt          |       |       |       |       |   144 |   224 |    14 ||   382
Throw: Dart              |     5 |    18 |       |     4 |     2 |    11 |     1 ||    41
 Cast: Summon Lightning  |       |       |       |       |    35 |   151 |    17 ||   203
       Ensorcelled Hiber |       |       |       |       |       |    84 |       ||    84
       Passwall          |       |       |       |       |       |    29 |       ||    29
       Metabolic Englaci |       |       |       |       |       |    26 |     2 ||    28
       Summon Mana Viper |       |       |       |       |       |     2 |    17 ||    19
       Apportation       |       |       |       |       |       |       |     9 ||     9
Invok: Stack Five        |       |       |       |     1 |       |       |       ||     1
       Triple Draw       |       |       |       |       |       |     1 |       ||     1
 Abil: Breathe Frost     |       |       |    11 |     4 |    15 |     8 |       ||    38
       Draw Destruction  |       |       |     1 |     9 |     9 |    25 |       ||    44
       Draw Summoning    |       |       |       |     8 |    12 |    20 |     4 ||    44
       Draw Stack        |       |       |       |     1 |       |       |       ||     1
       Draw Escape       |       |       |       |       |       |     1 |       ||     1
Evoke: Wand              |       |     3 |     5 |    16 |    27 |    22 |     1 ||    74
       Phial of floods   |       |       |       |       |     1 |       |       ||     1
       Phantom mirror    |       |       |       |       |       |     1 |       ||     1
       Lamp of fire      |       |       |       |       |       |     1 |       ||     1
  Use: Scroll            |       |    10 |    15 |    15 |     8 |    14 |     2 ||    64
       Potion            |       |     1 |     1 |     1 |     3 |     3 |     1 ||    10
 Stab: Sleeping          |     5 |     5 |     5 |    15 |    18 |   103 |       ||   151
       Distracted        |       |       |     1 |     3 |     5 |    24 |     1 ||    34
       Paralysed         |       |       |       |    14 |     6 |     5 |       ||    25
       Petrified         |       |       |       |     1 |     4 |     1 |       ||     6
       Petrifying        |       |       |       |       |     2 |       |       ||     2
  Eat: Chunk             |    11 |    10 |    15 |    28 |    59 |    79 |     1 ||   203
       Ration            |       |       |       |       |       |     4 |     2 ||     6
Armor: Skin              |    44 |    65 |   120 |   285 |   289 |   925 |    26 ||  1754
Dodge: Dodged            |    78 |   140 |   153 |   505 |   658 |  1541 |    47 ||  3122

Table legend:
 A = Non-vault XP
 B = Vault XP
 C = Vault XP percentage of total XP
 D = Non-vault monster count
 E = Vault monster count
 F = Vault count percentage of total count
                 A         B        C        D         E       F
            +---------+---------+-------+---------+---------+-------
      Total |  212920 |  161737 |  43.2 |     966 |     355 |  26.9
            +---------+---------+-------+---------+---------+-------
        D:1 |      40 |       0 |   0.0 |      19 |       0 |   0.0
        D:2 |      27 |      37 |  57.8 |      14 |       1 |   6.7
        D:3 |     166 |      30 |  15.3 |      32 |      12 |  27.3
        D:4 |     278 |       0 |   0.0 |      12 |       0 |   0.0
        D:5 |     681 |       0 |   0.0 |      18 |       0 |   0.0
        D:6 |    1580 |     452 |  22.2 |      33 |       3 |   8.3
        D:7 |     433 |      72 |  14.3 |       9 |       2 |  18.2
        D:8 |    1996 |       0 |   0.0 |      28 |       0 |   0.0
        D:9 |    1694 |       0 |   0.0 |      15 |       0 |   0.0
       D:10 |    5275 |       0 |   0.0 |      39 |       0 |   0.0
       D:11 |    2283 |    6872 |  75.1 |      20 |      22 |  52.4
       D:12 |    4532 |       0 |   0.0 |      29 |       0 |   0.0
       D:13 |    9931 |    1129 |  10.2 |      40 |       1 |   2.4
       D:14 |   10251 |    7337 |  41.7 |      59 |      13 |  18.1
       D:15 |    8664 |    4290 |  33.1 |      29 |       8 |  21.6
     Lair:1 |    2567 |     509 |  16.5 |      17 |       5 |  22.7
     Lair:2 |    6537 |    2489 |  27.6 |      25 |      14 |  35.9
     Lair:3 |    4713 |    3293 |  41.1 |      24 |      10 |  29.4
     Lair:4 |    3685 |       0 |   0.0 |      14 |       0 |   0.0
     Lair:5 |    4772 |    4051 |  45.9 |      19 |      13 |  40.6
     Lair:6 |   12291 |   10032 |  44.9 |      53 |      20 |  27.4
    Swamp:1 |   10808 |    2017 |  15.7 |      31 |       4 |  11.4
    Swamp:2 |   11617 |     897 |   7.2 |      45 |       1 |   2.2
    Swamp:3 |   14400 |       0 |   0.0 |      45 |       0 |   0.0
    Swamp:4 |    8496 |   16830 |  66.5 |      18 |      33 |  64.7
   Spider:1 |    6097 |       0 |   0.0 |      15 |       0 |   0.0
   Spider:2 |    6113 |    5168 |  45.8 |      22 |       2 |   8.3
   Spider:3 |    6608 |    1312 |  16.6 |      19 |       5 |  20.8
   Spider:4 |   10648 |   17578 |  62.3 |      39 |      56 |  58.9
      Orc:1 |    3931 |      68 |   1.7 |      44 |       8 |  15.4
      Orc:2 |    7252 |    8619 |  54.3 |      52 |      27 |  34.2
      Elf:1 |    8619 |   10861 |  55.8 |      16 |      20 |  55.6
      Elf:2 |    9331 |    7992 |  46.1 |      16 |      14 |  46.7
      Elf:3 |    6487 |   36395 |  84.9 |      13 |      34 |  72.3
   Vaults:1 |   20117 |   10260 |  33.8 |      43 |      16 |  27.1
      IceCv |       0 |    3147 | 100.0 |       0 |      11 | 100.0
            +---------+---------+-------+---------+---------+-------
